 Dungeon Crawl Stone Soup version 0.31-a0-246-g8cbcc1cb85 (webtiles) character file.

Game seed: 6490184564520046528

45 Iniera the Sneak (level 3, 13/28 HPs)
             Began as a Demonspawn Brigand on July 13, 2023.
             Was a Follower of Lugonu.
             Quit the game on level 2 of the Dungeon.
             The game lasted 00:01:20 (991 turns).

Iniera the Sneak (Demonspawn Brigand)                Turns: 991, Time: 00:01:21

Health: 13/28      AC:  9    Str: 13    XL:     3   Next: 42%
Magic:  3/3        EV:  6    Int: 12    God:    Lugonu [*.....]
Gold:   122        SH:  0    Dex: 14    Spells: 2/2 levels left

rFire   . . .        k - +0 hand axe
rCold   . . .        (no shield)
rNeg    . . .        e - +0 chain mail
rPois   .            (no helmet)
rElec   .            c - +0 cloak
rCorr   .            (no gloves)
SInv    .            (no boots)
Will    .....        (no amulet) Stlth
                     (no ring)
HPRegen 0.24/turn    (no ring)
MPRegen 0.08/turn

%: no passive effects
@: no status effects
A: hooves 1
a: Renounce Religion, Depart the Abyss


You were on level 2 of the Dungeon.
You worshipped Lugonu.
Lugonu was aware of your devotion.
You visited 1 branch of the dungeon, and saw 2 of its levels.

You collected 122 gold pieces.

Inventory:

Hand Weapons
 k - a +0 hand axe (weapon)
Missiles
 d - 11 poisoned darts (quivered)
 z - 3 curare-tipped darts
Armour
 c - a +0 cloak (worn)
 e - a +0 chain mail (worn)
Scrolls
 f - a scroll of fog {unknown}
 g - a scroll of identify {unknown}
 h - 3 scrolls of teleportation {unknown}
 i - a scroll of silence {unknown}
Potions
 a - 2 potions of lignification {unknown}
 b - a potion of attraction {unknown}
 j - a potion of might {unknown}
 l - a potion of mutation {unknown}


   Skills:
 + Level 2.5 Fighting
 - Level 1.7 Short Blades
 * Level 1.8 Axes
 - Level 2.0 Throwing
 + Level 1.1 Armour
 - Level 0.8 Dodging
 - Level 3.6 Stealth


You had 2 spell levels left.
You didn't know any spells.
Your spell library was empty.

Dungeon Overview and Level Annotations

Branches:
Dungeon (2/15)

Altars:
Lugonu


Innate Abilities, Weirdness & Mutations

You have large cloven feet.


Message History

No target in view!
You feel sick.
You are no longer poisoned.
You see here an adder corpse.
You open the door.
There is an open door here.
You now have 122 gold pieces (gained 13).
A worm comes into view.
A worm is nearby!
A worm is nearby!
The worm bites you!
You hit the worm.
The worm is lightly wounded.
The worm barely misses you.
You barely miss the worm. You hit the worm.
The worm is lightly wounded.
The worm bites you.
You hit the worm. Your punch misses the worm.
The worm is moderately wounded.
The worm bites you.
You are too injured to fight recklessly!
You are too injured to fight recklessly!
A worm is nearby!
A worm is nearby!
You hit the worm. Your kick misses the worm.
The worm is heavily wounded.
The worm bites you but does no damage.
You hit the worm. You kick the worm, but do no damage.
The worm is heavily wounded.
You hit the worm.
The worm is severely wounded.
The worm bites you!
You hit the worm but do no damage. You kick the worm.
The worm is severely wounded.
The worm bites you but does no damage.
You hit the worm.
You kill the worm!
Lugonu accepts your kill.
Are you sure you want to abandon this character and quit the game? (Confirm with "yes".)

# # ####### .......
####### #......
#@....# #.#####
#.....# #.#####
####.....######.#....
..............##.#.###
#####.....###.##.#....
.........# #.##.####.
....###### #.........
#.... #######.######..
#.... ................


There were no monsters in sight!

Vanquished Creatures
  An adder (D:2)
  A worm (D:2)
  2 dart slugs (D:1)
  3 bats (D:1)
  4 endoplasms
  2 giant cockroaches (D:1)
  2 hobgoblins
  4 jackals (D:1)
  A kobold (D:1)
  A quokka (D:1)
  2 frilled lizards (D:1)
  4 rats
27 creatures vanquished.

Notes
Turn   | Place    | Note
-------+----------+-------------------------------------------
     0 | D:1      | Iniera the Demonspawn Brigand began the quest for the Orb.
     0 | D:1      | Reached XP level 1. HP: 16/16 MP: 1/1
   157 | D:1      | Gained mutation: You have large cloven feet. [demonic
                  | ancestry]
   157 | D:1      | Reached XP level 2. HP: 17/22 MP: 2/2
   191 | D:1      | Found a faded altar of an unknown god.
   202 | D:1      | Prayed at the altar of an unknown god.
   202 | D:1      | Became a worshipper of Lugonu the Unformed
   202 | D:1      | Reached * piety under Lugonu
   280 | D:1      | Reached skill level 1 in Axes
   667 | D:1      | Reached XP level 3. HP: 28/28 MP: 3/3
   819 | D:2      | Reached skill level 1 in Armour
   991 | D:2      | Quit the game

Illustrated notes

Levels and vault maps discovered:
D:1:      lemuel_arrival_funnel, layout_basic, ebering_ecumenical_altar_mist,
          palyth_stone_intersect
D:2:      layout_basic

Skill      XL: |  1  2  3 |
---------------+----------+-----
Throwing       | 2 |  2.0
Axes           | 1 |  1.8
Armour         | 1 |  1.1
Fighting       | |  2.5
Short Blades   | |  1.7
Dodging        | |  0.8
Stealth        | |  3.6

Action                     || total
---------------------------++-------
  Melee: Dagger            ||    63
         Hand axe          ||    44
         Kick              ||    13
 Armour: Robe              ||    13
         Chain mail        ||    47
  Dodge: Dodged            ||    52

Table legend: (Time is in decaauts)
 A = Elapsed time spent in this place.
 B = Non-inter-level travel time spent in this place.
 C = Inter-level travel time spent in this place.
 D = Time resting spent in this place.
 E = Time spent auto-exploring this place.
 F = Levels seen in this place.
 G = Mean time per level.
                   A        B        C        D        E       F      G
               +--------+--------+--------+--------+--------+-----+--------+
         Total |    994 |    970 |     24 |      0 |    756 |   2 |  497.0 |
       Dungeon |    994 |    970 |     24 |      0 |    756 |   2 |  497.0 |
               +--------+--------+--------+--------+--------+-----+--------+

Top non-repeatable levels by time:
     D:1: 763 daAuts
     D:2: 231 daAuts
